[ PARTIDA AOE2 · #459537632 ]
UnrankedTeutones vs Koreans
[ ANÁLISIS DE REPETICIÓN · EXTRAÍDO DE LA PARTIDA GRABADA ]
Feudal
—
Castillos
12:19
Imperial
—
| APM promedio | 13.3 |
| APM pico | 48 |
| eAPM promedio | 8.4 |
| Aldeanos / militares | 34 / 73 |
Foco
⚔️ 55.1% · 🌾 44.9%
Teutonic Knight ×24 · Knight ×17 · Spearman ×16 · Scout Cavalry ×9 · Skirmisher ×7
Feudal
—
Castillos
7:34
Imperial
—
| APM promedio | 18.4 |
| APM pico | 27 |
| eAPM promedio | 13.0 |
| Aldeanos / militares | 69 / 80 |
Foco
⚔️ 41.8% · 🌾 58.2%
War Wagon ×31 · Cavalry Archer ×17 · Archer ×12 · Battering Ram ×5 · Scorpion ×4 · Iron Pagoda ×4
Feudal
—
Castillos
11:16
Imperial
26:35
| APM promedio | 22.2 |
| APM pico | 43 |
| eAPM promedio | 16.3 |
| Aldeanos / militares | 59 / 139 |
Foco
⚔️ 46.2% · 🌾 53.8%
Spearman ×49 · Chu Ko Nu ×34 · Archer ×23 · Scorpion ×14 · Battering Ram ×10 · Skirmisher ×6
Feudal
—
Castillos
14:23
Imperial
—
| APM promedio | 18.7 |
| APM pico | 43 |
| eAPM promedio | 16.4 |
| Aldeanos / militares | 60 / 115 |
Foco
⚔️ 34.8% · 🌾 65.2%
Skirmisher ×52 · Archer ×24 · Trade Cart ×23 · Spearman ×17 · Cavalry Archer ×7 · Ballista Elephant ×7
Feudal
—
Castillos
8:55
Imperial
29:19
| APM promedio | 13.4 |
| APM pico | 52 |
| eAPM promedio | 10.8 |
| Aldeanos / militares | 82 / 112 |
Foco
⚔️ 21.2% · 🌾 78.8%
Knight ×112 · Trade Cart ×27
Feudal
—
Castillos
11:32
Imperial
—
| APM promedio | 14.0 |
| APM pico | 30 |
| eAPM promedio | 11.3 |
| Aldeanos / militares | 77 / 31 |
Foco
⚔️ 22.4% · 🌾 77.6%
Scout Cavalry ×13 · Scorpion ×6 · Skirmisher ×6 · Spearman ×4 · Conquistador ×2
Mapa de la partida
Recursos iniciales + cada clic de construcción. Líneas = muros · curvas = relieve. ◆ oro · ⬟ piedra · ● bayas · ✦ reliquia · ◌ hueco del cierre
Tu base· Abierta — hueco de 5t
Base de Chrisavc6256· Abierta — hueco de 6t
Base de jonasbmas· ✓ Cerrada en 11:16 · 6t muro · 1 puerta(s)
Base de nodier.system· Abierta — hueco de 5t
Base de ECŞ· Abierta — hueco de 5t
Base de BICHARNACO· ✓ Cerrada en 11:32 · 7t muro · sin puerta
Terreno inicial suavizado · ◌ = hueco del cierre detectado · pasá el cursor para detalles
Inputs por minuto
— corio27 - - Chrisavc6256
Build order — corio27
Primeras 150 de 157 acciones detectadas
| 0:54 | Construir | Blacksmith |
| 1:03 | Construir | Market |
| 1:34 | Crear | Villager (Male) |
| 1:34 | Crear | Villager (Male) |
| 1:34 | Crear | Villager (Male) |
| 1:35 | Crear | Villager (Male) |
| 1:35 | Crear | Villager (Male) |
| 2:03 | Construir | Mill |
| 3:16 | Crear | Villager (Male) |
| 3:16 | Crear | Villager (Male) |
| 3:30 | Construir | House |
| 3:34 | Construir | House |
| 3:36 | Construir | House |
| 4:17 | Crear | Spearman |
| 4:18 | Crear | Spearman |
| 4:18 | Crear | Spearman |
| 4:18 | Crear | Spearman |
| 4:31 | Construir | Mining Camp |
| 4:43 | Crear | Villager (Male) |
| 4:44 | Crear | Villager (Male) |
| 4:44 | Crear | Villager (Male) |
| 5:03 | Construir | Stable |
| 6:01 | Construir | Farm |
| 6:03 | Construir | Farm |
| 6:04 | Construir | Farm |
| 6:06 | Construir | Farm |
| 6:07 | Construir | Farm |
| 6:08 | Construir | Farm |
| 6:13 | Construir | Farm |
| 6:28 | Construir | Archery Range |
| 6:31 | Investigar | Bloodlines |
| 6:32 | Crear | Scout Cavalry |
| 6:32 | Crear | Scout Cavalry |
| 6:33 | Crear | Scout Cavalry |
| 6:35 | Crear | Scout Cavalry |
| 6:40 | Investigar | Forging |
| 6:41 | Investigar | Scale Barding Armor |
| 7:28 | Crear | Villager (Male) |
| 7:28 | Crear | Villager (Male) |
| 7:28 | Crear | Villager (Male) |
| 7:29 | Crear | Villager (Male) |
| 7:53 | Construir | Barracks |
| 8:52 | Construir | House |
| 8:53 | Construir | House |
| 8:54 | Construir | House |
| 9:39 | Investigar | Castle Age |
| 11:10 | Construir | House |
| 11:11 | Construir | House |
| 11:12 | Construir | House |
| 11:57 | Crear | Villager (Male) |
| 11:57 | Crear | Villager (Male) |
| 11:58 | Crear | Villager (Male) |
| 11:58 | Crear | Villager (Male) |
| 12:19 | Edad | Edad de los Castillos |
| 12:34 | Construir | Castle |
| 12:43 | Construir | Monastery |
| 12:53 | Investigar | Chain Barding Armor |
| 12:54 | Investigar | Iron Casting |
| 12:55 | Investigar | Scale Mail Armor |
| 12:58 | Crear | Knight |
| 12:59 | Crear | Knight |
| 13:18 | Construir | Town Center |
| 13:32 | Investigar | Double-Bit Axe |
| 14:21 | Crear | Knight |
| 14:21 | Crear | Knight |
| 14:21 | Crear | Knight |
| 14:22 | Crear | Knight |
| 15:17 | Crear | Knight |
| 15:18 | Crear | Knight |
| 16:07 | Crear | Knight |
| 17:25 | Construir | Mining Camp |
| 17:37 | Investigar | Pikeman (upgrade) |
| 17:37 | Investigar | Squires |
| 17:38 | Crear | Spearman |
| 17:38 | Crear | Spearman |
| 17:39 | Crear | Spearman |
| 17:39 | Crear | Spearman |
| 17:39 | Crear | Spearman |
| 17:40 | Crear | Spearman |
| 17:49 | Crear | Villager (Male) |
| 17:50 | Crear | Villager (Male) |
| 17:50 | Crear | Villager (Male) |
| 17:50 | Crear | Villager (Male) |
| 18:32 | Investigar | Elite Skirmisher (upgrade) |
| 18:32 | Crear | Skirmisher |
| 18:33 | Crear | Skirmisher |
| 18:33 | Crear | Skirmisher |
| 18:33 | Crear | Skirmisher |
| 18:33 | Crear | Skirmisher |
| 18:34 | Crear | Skirmisher |
| 18:34 | Crear | Skirmisher |
| 19:17 | Crear | Scout Cavalry |
| 19:18 | Crear | Scout Cavalry |
| 19:40 | Crear | Scout Cavalry |
| 19:41 | Crear | Scout Cavalry |
| 19:41 | Crear | Scout Cavalry |
| 20:54 | Crear | Spearman |
| 20:54 | Crear | Spearman |
| 20:54 | Crear | Spearman |
| 20:54 | Crear | Spearman |
| 21:46 | Crear | Knight |
| 21:46 | Crear | Knight |
| 21:46 | Crear | Knight |
| 22:21 | Crear | Knight |
| 22:21 | Crear | Knight |
| 22:21 | Crear | Knight |
| 22:22 | Crear | Knight |
| 22:22 | Crear | Knight |
| 23:14 | Construir | Barracks |
| 23:38 | Construir | Castle |
| 24:10 | Crear | Villager (Male) |
| 24:10 | Crear | Villager (Male) |
| 24:11 | Crear | Villager (Male) |
| 24:11 | Crear | Villager (Male) |
| 24:11 | Crear | Villager (Male) |
| 24:11 | Crear | Villager (Male) |
| 24:12 | Crear | Villager (Male) |
| 24:53 | Crear | Teutonic Knight |
| 24:53 | Crear | Teutonic Knight |
| 24:53 | Crear | Teutonic Knight |
| 25:13 | Crear | Spearman ×2 |
| 25:21 | Construir | Farm |
| 25:23 | Construir | Farm |
| 25:24 | Construir | Farm |
| 25:29 | Construir | Farm |
| 25:31 | Crear | Villager (Male) |
| 26:06 | Crear | Villager (Male) |
| 26:06 | Crear | Villager (Male) |
| 26:06 | Crear | Villager (Male) |
| 26:06 | Crear | Villager (Male) |
| 26:28 | Construir | Farm |
| 26:49 | Crear | Teutonic Knight |
| 26:49 | Crear | Teutonic Knight |
| 26:49 | Crear | Teutonic Knight |
| 27:16 | Construir | Farm |
| 27:19 | Construir | Farm |
| 28:21 | Construir | Farm |
| 28:26 | Construir | Farm |
| 28:29 | Construir | Farm |
| 29:16 | Crear | Teutonic Knight |
| 29:16 | Crear | Teutonic Knight |
| 29:16 | Crear | Teutonic Knight |
| 29:17 | Crear | Teutonic Knight |
| 29:17 | Crear | Teutonic Knight |
| 29:17 | Crear | Teutonic Knight |
| 29:17 | Crear | Teutonic Knight |
| 29:18 | Crear | Teutonic Knight |
| 29:18 | Crear | Teutonic Knight |
| 29:18 | Crear | Teutonic Knight |
| 31:18 | Crear | Teutonic Knight |
Build order — Chrisavc6256
Primeras 150 de 205 acciones detectadas
| 0:13 | Construir | House |
| 0:15 | Construir | House |
| 0:24 | Crear | Villager (Male) |
| 0:24 | Crear | Villager (Male) |
| 0:25 | Crear | Villager (Male) |
| 0:25 | Crear | Villager (Male) |
| 0:25 | Crear | Villager (Male) |
| 0:25 | Crear | Villager (Male) |
| 0:42 | Construir | Farm |
| 0:44 | Construir | Farm |
| 1:06 | Construir | Archery Range |
| 1:37 | Construir | Gate |
| 1:44 | Construir | Archery Range |
| 2:07 | Crear | Villager (Male) |
| 2:08 | Crear | Villager (Male) |
| 2:08 | Crear | Villager (Male) |
| 2:08 | Crear | Villager (Male) |
| 2:55 | Construir | Mining Camp |
| 3:47 | Construir | House |
| 3:52 | Crear | Archer |
| 3:53 | Crear | Archer |
| 3:57 | Crear | Archer |
| 3:59 | Crear | Archer |
| 4:22 | Construir | Market |
| 4:46 | Crear | Archer |
| 4:47 | Crear | Archer |
| 4:54 | Investigar | Castle Age |
| 5:21 | Construir | House |
| 5:32 | Crear | Spearman |
| 5:32 | Crear | Spearman |
| 5:38 | Crear | Archer |
| 5:38 | Crear | Archer |
| 5:54 | Investigar | Fletching |
| 6:12 | Construir | Stable |
| 6:24 | Crear | Archer |
| 6:24 | Crear | Archer |
| 6:39 | Crear | Villager (Male) |
| 6:39 | Crear | Villager (Male) |
| 6:48 | Construir | Farm |
| 6:51 | Construir | Farm |
| 6:52 | Construir | Farm |
| 6:54 | Construir | Farm |
| 7:17 | Crear | Archer |
| 7:17 | Crear | Archer |
| 7:34 | Edad | Edad de los Castillos |
| 7:42 | Construir | Gate |
| 7:49 | Construir | University |
| 7:53 | Construir | House |
| 7:58 | Investigar | Crossbowman (upgrade) |
| 8:01 | Investigar | Bodkin Arrow |
| 8:09 | Crear | Villager (Male) |
| 8:09 | Crear | Villager (Male) |
| 8:10 | Crear | Villager (Male) |
| 10:07 | Crear | Cavalry Archer |
| 10:08 | Crear | Cavalry Archer |
| 10:08 | Crear | Cavalry Archer |
| 10:08 | Crear | Cavalry Archer |
| 10:48 | Construir | Siege Workshop |
| 10:58 | Crear | Cavalry Archer |
| 10:58 | Crear | Cavalry Archer |
| 10:58 | Crear | Cavalry Archer |
| 11:13 | Construir | Town Center |
| 11:32 | Crear | Cavalry Archer |
| 11:32 | Crear | Cavalry Archer |
| 11:32 | Crear | Cavalry Archer |
| 12:12 | Crear | Battering Ram |
| 12:29 | Crear | Fire Lancer |
| 12:30 | Crear | Fire Lancer |
| 12:30 | Crear | Fire Lancer |
| 12:49 | Crear | Cavalry Archer |
| 12:49 | Crear | Cavalry Archer |
| 12:49 | Crear | Cavalry Archer |
| 12:50 | Crear | Cavalry Archer |
| 13:42 | Construir | Town Center |
| 13:59 | Crear | Villager (Male) |
| 13:59 | Crear | Villager (Male) |
| 13:59 | Crear | Villager (Male) |
| 13:59 | Crear | Villager (Male) |
| 13:59 | Crear | Villager (Male) |
| 14:59 | Construir | Castle |
| 15:06 | Crear | Villager (Male) |
| 15:06 | Crear | Villager (Male) |
| 15:06 | Crear | Villager (Male) |
| 15:31 | Crear | Iron Pagoda |
| 15:46 | Investigar | Double-Bit Axe |
| 15:50 | Crear | Villager (Male) |
| 15:50 | Crear | Villager (Male) |
| 15:50 | Crear | Villager (Male) |
| 15:50 | Crear | Villager (Male) |
| 15:55 | Crear | Villager (Male) |
| 15:56 | Crear | Villager (Male) |
| 16:09 | Crear | Cavalry Archer |
| 16:09 | Crear | Cavalry Archer |
| 16:09 | Crear | Cavalry Archer |
| 16:57 | Construir | Mining Camp |
| 17:00 | Crear | Villager (Male) |
| 17:01 | Crear | Villager (Male) |
| 17:01 | Crear | Villager (Male) |
| 17:01 | Crear | Villager (Male) |
| 17:31 | Construir | Siege Workshop |
| 17:37 | Construir | Barracks |
| 17:42 | Crear | War Wagon |
| 17:42 | Crear | War Wagon |
| 18:06 | Crear | Villager (Male) |
| 18:06 | Crear | Villager (Male) |
| 18:06 | Crear | Villager (Male) |
| 18:07 | Crear | Villager (Male) |
| 18:15 | Construir | Town Center |
| 18:22 | Crear | Battering Ram |
| 18:38 | Crear | Petard |
| 18:46 | Crear | Villager (Male) |
| 18:46 | Crear | Villager (Male) |
| 18:46 | Crear | Villager (Male) |
| 18:54 | Construir | Town Center |
| 19:01 | Crear | War Wagon |
| 19:14 | Construir | Lumber Camp |
| 19:28 | Construir | Stone Wall |
| 19:32 | Crear | Villager (Male) |
| 19:33 | Crear | Villager (Male) |
| 19:33 | Crear | Villager (Male) |
| 19:33 | Crear | Villager (Male) |
| 19:36 | Investigar | Bow Saw |
| 20:05 | Crear | War Wagon |
| 20:05 | Crear | War Wagon |
| 20:17 | Crear | Villager (Male) |
| 20:17 | Crear | Villager (Male) |
| 20:22 | Crear | Villager (Male) |
| 20:22 | Crear | Villager (Male) |
| 20:23 | Crear | Villager (Male) |
| 20:23 | Crear | Villager (Male) |
| 20:26 | Construir | Farm |
| 21:33 | Crear | Battering Ram |
| 22:17 | Construir | Monastery |
| 22:21 | Crear | Villager (Male) |
| 22:21 | Crear | Villager (Male) |
| 22:22 | Crear | Villager (Male) |
| 22:22 | Crear | Villager (Male) |
| 22:22 | Crear | Villager (Male) |
| 22:28 | Crear | Battering Ram |
| 22:36 | Crear | Villager (Male) |
| 22:36 | Crear | Villager (Male) |
| 22:36 | Crear | Villager (Male) |
| 22:37 | Crear | Villager (Male) |
| 22:43 | Crear | War Wagon |
| 22:44 | Crear | War Wagon |
| 22:50 | Crear | Battering Ram |
| 23:22 | Construir | Castle |
| 23:35 | Crear | War Wagon |
| 23:46 | Crear | Monk |
| 24:01 | Investigar | Horse Collar |
Build order — jonasbmas
Primeras 150 de 295 acciones detectadas
| 0:42 | Investigar | Double-Bit Axe |
| 0:50 | Construir | Outpost |
| 0:55 | Construir | Archery Range |
| 0:58 | Construir | Archery Range |
| 1:00 | Construir | Archery Range |
| 1:07 | Crear | Villager (Male) |
| 1:16 | Construir | Archery Range |
| 1:52 | Crear | Villager (Male) |
| 1:55 | Investigar | Wheelbarrow |
| 2:02 | Construir | Archery Range |
| 2:11 | Construir | Mining Camp |
| 2:21 | Crear | Villager (Male) |
| 2:21 | Crear | Villager (Male) |
| 2:51 | Construir | Market |
| 3:15 | Construir | Barracks |
| 3:19 | Crear | Villager (Male) |
| 3:33 | Crear | Villager (Male) |
| 4:09 | Construir | House |
| 4:18 | Crear | Villager (Male) |
| 4:45 | Construir | Barracks |
| 4:51 | Construir | Stone Wall |
| 4:56 | Construir | Gate |
| 4:59 | Crear | Villager (Male) |
| 5:26 | Crear | Skirmisher |
| 5:26 | Crear | Skirmisher |
| 5:27 | Crear | Skirmisher |
| 5:27 | Crear | Skirmisher |
| 5:43 | Construir | Farm |
| 5:44 | Construir | Farm |
| 5:45 | Construir | Farm |
| 5:47 | Construir | Farm |
| 5:48 | Construir | Farm |
| 5:49 | Construir | Farm |
| 5:51 | Crear | Villager (Male) |
| 5:52 | Crear | Villager (Male) |
| 6:08 | Crear | Spearman |
| 6:08 | Crear | Spearman |
| 6:09 | Crear | Spearman |
| 6:19 | Crear | Villager (Male) |
| 6:39 | Crear | Trade Cart |
| 6:40 | Crear | Trade Cart |
| 6:40 | Crear | Trade Cart |
| 6:41 | Crear | Trade Cart |
| 6:50 | Construir | House |
| 6:56 | Construir | House |
| 7:02 | Construir | Farm |
| 7:17 | Construir | Farm |
| 7:42 | Crear | Villager (Male) |
| 7:43 | Crear | Villager (Male) |
| 7:56 | Construir | Mining Camp |
| 8:10 | Crear | Archer |
| 8:11 | Crear | Archer |
| 8:11 | Crear | Archer |
| 8:11 | Crear | Archer |
| 8:36 | Investigar | Castle Age |
| 8:43 | Crear | Skirmisher |
| 8:43 | Crear | Skirmisher |
| 9:03 | Construir | Barracks |
| 9:09 | Construir | Archery Range |
| 9:22 | Construir | House |
| 9:23 | Construir | House |
| 9:24 | Construir | House |
| 9:25 | Construir | House |
| 9:26 | Construir | House |
| 9:27 | Construir | House |
| 9:28 | Construir | House |
| 9:29 | Construir | House |
| 9:30 | Construir | House |
| 9:31 | Construir | House |
| 9:32 | Construir | House |
| 9:33 | Construir | House |
| 9:37 | Investigar | Gold Mining |
| 9:42 | Investigar | Stone Mining |
| 10:03 | Crear | Trade Cart |
| 10:09 | Investigar | Padded Archer Armor |
| 10:24 | Crear | Spearman |
| 10:24 | Crear | Spearman |
| 10:24 | Crear | Spearman |
| 10:40 | Crear | Spearman |
| 11:16 | Edad | Edad de los Castillos |
| 11:20 | Construir | Town Center |
| 11:27 | Investigar | Bow Saw |
| 11:30 | Investigar | Town Watch |
| 11:40 | Construir | Town Center |
| 12:04 | Crear | Archer |
| 12:04 | Crear | Archer |
| 12:04 | Crear | Archer |
| 12:05 | Crear | Archer |
| 12:07 | Investigar | Crossbowman (upgrade) |
| 12:25 | Crear | Villager (Male) |
| 12:40 | Crear | Villager (Male) |
| 12:45 | Crear | Villager (Male) |
| 12:57 | Construir | Farm |
| 13:07 | Crear | Villager (Male) |
| 13:13 | Construir | Farm |
| 14:28 | Construir | Farm |
| 14:31 | Construir | Farm |
| 14:39 | Construir | Siege Workshop |
| 14:41 | Construir | Siege Workshop |
| 14:42 | Construir | Siege Workshop |
| 14:49 | Investigar | Hand Cart |
| 14:50 | Crear | Villager (Male) |
| 14:50 | Crear | Villager (Male) |
| 14:50 | Crear | Villager (Male) |
| 14:55 | Crear | Archer |
| 14:55 | Crear | Archer |
| 14:56 | Crear | Archer |
| 14:56 | Crear | Archer |
| 14:56 | Crear | Archer |
| 15:24 | Investigar | Pikeman (upgrade) |
| 15:25 | Crear | Spearman |
| 15:25 | Crear | Spearman |
| 15:39 | Crear | Archer |
| 15:39 | Crear | Archer |
| 15:40 | Crear | Archer |
| 15:48 | Crear | Battering Ram |
| 15:49 | Crear | Battering Ram |
| 15:52 | Crear | Battering Ram |
| 15:55 | Crear | Battering Ram |
| 16:06 | Crear | Spearman |
| 16:06 | Crear | Spearman |
| 16:06 | Crear | Spearman |
| 16:11 | Crear | Spearman |
| 16:11 | Crear | Spearman |
| 16:21 | Crear | Spearman |
| 16:29 | Crear | Villager (Male) |
| 16:30 | Crear | Villager (Male) |
| 16:41 | Crear | Villager (Male) |
| 16:54 | Crear | Spearman |
| 16:54 | Crear | Spearman |
| 16:59 | Crear | Spearman |
| 17:30 | Crear | Archer |
| 17:30 | Crear | Archer |
| 17:30 | Crear | Archer |
| 17:33 | Crear | Archer |
| 17:35 | Crear | Spearman |
| 17:36 | Crear | Spearman |
| 17:42 | Crear | Scorpion |
| 17:43 | Crear | Scorpion |
| 17:43 | Crear | Scorpion |
| 17:45 | Crear | Scorpion |
| 17:58 | Construir | Farm |
| 17:59 | Construir | Farm |
| 18:00 | Construir | Farm |
| 18:06 | Crear | Villager (Male) |
| 18:06 | Crear | Villager (Male) |
| 18:06 | Crear | Villager (Male) |
| 18:06 | Crear | Villager (Male) |
| 18:15 | Crear | Villager (Male) |
| 18:29 | Crear | Scorpion |
Build order — nodier.system
Primeras 150 de 264 acciones detectadas
| 0:23 | Crear | Villager (Male) |
| 0:23 | Crear | Villager (Male) |
| 0:24 | Crear | Villager (Male) |
| 0:24 | Crear | Villager (Male) |
| 0:24 | Crear | Villager (Male) |
| 0:24 | Crear | Villager (Male) |
| 0:33 | Construir | House |
| 0:35 | Construir | House |
| 0:50 | Crear | Villager (Male) |
| 0:50 | Crear | Villager (Male) |
| 0:50 | Crear | Villager (Male) |
| 1:21 | Crear | Villager (Male) |
| 1:22 | Crear | Villager (Male) |
| 1:22 | Crear | Villager (Male) |
| 1:22 | Crear | Villager (Male) |
| 1:38 | Construir | Market |
| 1:51 | Construir | Lumber Camp |
| 2:00 | Investigar | Gold Mining |
| 2:00 | Investigar | Stone Mining |
| 2:05 | Crear | Villager (Male) |
| 2:05 | Crear | Villager (Male) |
| 2:41 | Investigar | Double-Bit Axe |
| 2:49 | Construir | House |
| 2:51 | Construir | House |
| 3:06 | Construir | Barracks |
| 3:15 | Crear | Trade Cart |
| 3:15 | Crear | Trade Cart |
| 3:15 | Crear | Trade Cart |
| 3:41 | Crear | Villager (Male) |
| 3:41 | Crear | Villager (Male) |
| 3:42 | Crear | Villager (Male) |
| 3:42 | Crear | Villager (Male) |
| 3:58 | Construir | Blacksmith |
| 4:16 | Construir | Archery Range |
| 4:18 | Investigar | Man-at-Arms (upgrade) |
| 4:20 | Crear | Spearman |
| 4:20 | Crear | Spearman |
| 4:20 | Crear | Spearman |
| 4:44 | Construir | House |
| 4:56 | Construir | Mining Camp |
| 5:08 | Crear | Villager (Male) |
| 5:08 | Crear | Villager (Male) |
| 5:09 | Crear | Villager (Male) |
| 5:09 | Crear | Villager (Male) |
| 5:26 | Construir | Stable |
| 5:29 | Crear | Skirmisher |
| 5:29 | Crear | Skirmisher |
| 5:30 | Crear | Skirmisher |
| 5:49 | Investigar | Stone Mining |
| 6:02 | Construir | Archery Range |
| 6:03 | Construir | Archery Range |
| 6:37 | Construir | Market |
| 6:46 | Crear | Trade Cart |
| 6:47 | Crear | Trade Cart |
| 6:47 | Crear | Trade Cart |
| 6:47 | Crear | Trade Cart |
| 6:47 | Crear | Trade Cart |
| 7:00 | Construir | Farm |
| 7:01 | Construir | Farm |
| 7:03 | Construir | Farm |
| 7:05 | Construir | Farm |
| 7:07 | Construir | Farm |
| 7:09 | Construir | Farm |
| 7:10 | Construir | Farm |
| 7:26 | Construir | Lumber Camp |
| 7:31 | Crear | Archer |
| 7:41 | Construir | Mining Camp |
| 7:48 | Crear | Trade Cart |
| 7:49 | Crear | Trade Cart |
| 8:17 | Crear | Villager (Male) |
| 8:21 | Crear | Villager (Male) |
| 8:50 | Crear | Trade Cart |
| 8:51 | Crear | Trade Cart |
| 9:11 | Crear | Skirmisher |
| 9:11 | Crear | Skirmisher |
| 9:12 | Crear | Skirmisher |
| 9:22 | Construir | Stable |
| 9:46 | Construir | Barracks |
| 9:49 | Crear | Skirmisher |
| 9:50 | Crear | Skirmisher |
| 10:00 | Construir | House |
| 10:01 | Construir | House |
| 10:15 | Crear | Skirmisher |
| 10:15 | Crear | Skirmisher |
| 10:16 | Crear | Skirmisher |
| 10:16 | Crear | Skirmisher |
| 11:38 | Construir | Farm |
| 11:39 | Construir | Farm |
| 11:43 | Investigar | Castle Age |
| 11:56 | Crear | Skirmisher |
| 11:56 | Crear | Skirmisher |
| 12:21 | Construir | Mining Camp |
| 12:23 | Crear | Trade Cart |
| 12:23 | Crear | Trade Cart |
| 12:24 | Crear | Trade Cart |
| 12:24 | Crear | Trade Cart |
| 12:24 | Crear | Trade Cart |
| 12:25 | Crear | Trade Cart |
| 12:40 | Crear | Villager (Male) |
| 13:20 | Construir | Archery Range |
| 13:22 | Construir | Archery Range |
| 13:30 | Crear | Villager (Male) |
| 13:31 | Crear | Villager (Male) |
| 13:31 | Crear | Villager (Male) |
| 13:31 | Crear | Villager (Male) |
| 13:39 | Crear | Trade Cart |
| 13:40 | Crear | Trade Cart |
| 13:40 | Crear | Trade Cart |
| 13:40 | Crear | Trade Cart |
| 13:40 | Crear | Trade Cart |
| 13:51 | Crear | Archer |
| 13:51 | Crear | Archer |
| 13:51 | Crear | Archer |
| 13:52 | Crear | Archer |
| 14:03 | Investigar | Bloodlines |
| 14:03 | Crear | Scout Cavalry |
| 14:04 | Crear | Scout Cavalry |
| 14:04 | Crear | Scout Cavalry |
| 14:04 | Crear | Scout Cavalry |
| 14:17 | Crear | Spearman |
| 14:18 | Crear | Spearman |
| 14:18 | Crear | Spearman |
| 14:23 | Edad | Edad de los Castillos |
| 14:27 | Investigar | Husbandry |
| 14:33 | Crear | Spearman |
| 14:33 | Crear | Spearman |
| 14:37 | Crear | Cavalry Archer |
| 14:37 | Crear | Cavalry Archer |
| 14:58 | Construir | Town Center |
| 15:02 | Crear | Skirmisher |
| 15:03 | Crear | Skirmisher |
| 15:03 | Crear | Skirmisher |
| 15:03 | Crear | Skirmisher |
| 15:03 | Crear | Skirmisher |
| 15:06 | Crear | Skirmisher |
| 15:06 | Crear | Skirmisher |
| 15:07 | Crear | Skirmisher |
| 15:19 | Crear | Villager (Male) |
| 15:20 | Crear | Villager (Male) |
| 15:20 | Crear | Villager (Male) |
| 15:43 | Crear | Skirmisher |
| 15:45 | Crear | Skirmisher |
| 15:45 | Crear | Skirmisher |
| 15:45 | Crear | Skirmisher |
| 16:10 | Crear | Villager (Male) |
| 16:10 | Crear | Villager (Male) |
| 16:10 | Crear | Villager (Male) |
| 16:16 | Construir | House |
| 16:18 | Construir | House |
| 16:36 | Crear | Villager (Male) |
Build order — ECŞ
Primeras 150 de 229 acciones detectadas
| 0:05 | Crear | Villager (Male) |
| 0:05 | Crear | Villager (Male) |
| 0:05 | Crear | Villager (Male) |
| 0:06 | Crear | Villager (Male) |
| 0:06 | Crear | Villager (Male) |
| 0:37 | Investigar | Horse Collar |
| 0:57 | Construir | Stable |
| 1:15 | Investigar | Double-Bit Axe |
| 1:38 | Investigar | Gold Mining |
| 1:50 | Construir | Farm |
| 1:53 | Crear | Villager (Male) |
| 2:03 | Construir | Stable |
| 2:27 | Construir | Farm |
| 2:29 | Crear | Villager (Male) |
| 2:29 | Crear | Villager (Male) |
| 2:30 | Crear | Villager (Male) |
| 2:30 | Crear | Villager (Male) |
| 3:04 | Construir | Stable |
| 3:36 | Construir | Market |
| 3:55 | Crear | Villager (Male) |
| 3:56 | Crear | Villager (Male) |
| 3:56 | Crear | Villager (Male) |
| 4:11 | Construir | Stable |
| 4:19 | Construir | Lumber Camp |
| 4:27 | Crear | Villager (Male) |
| 4:55 | Construir | Market |
| 5:18 | Crear | Trade Cart |
| 5:34 | Construir | Farm |
| 5:38 | Construir | Farm |
| 5:43 | Construir | Farm |
| 5:48 | Construir | Farm |
| 5:50 | Crear | Villager (Male) |
| 5:58 | Construir | Farm |
| 6:05 | Construir | Farm |
| 6:13 | Investigar | Castle Age |
| 6:21 | Crear | Trade Cart |
| 6:47 | Investigar | Forging |
| 7:15 | Investigar | Scale Barding Armor |
| 7:19 | Crear | Trade Cart ×4 |
| 7:54 | Crear | Trade Cart ×3 |
| 8:38 | Construir | Mill |
| 8:55 | Edad | Edad de los Castillos |
| 9:08 | Construir | Town Center |
| 9:12 | Crear | Villager (Male) |
| 9:12 | Crear | Villager (Male) |
| 9:13 | Crear | Villager (Male) |
| 9:13 | Crear | Villager (Male) |
| 9:38 | Construir | Lumber Camp |
| 10:08 | Crear | Villager (Male) |
| 10:08 | Crear | Villager (Male) |
| 10:09 | Crear | Villager (Male) |
| 10:09 | Crear | Villager (Male) |
| 10:09 | Crear | Villager (Male) |
| 10:17 | Investigar | Heavy Plow |
| 10:21 | Crear | Trade Cart ×5 |
| 10:29 | Crear | Villager (Male) |
| 10:29 | Crear | Villager (Male) |
| 10:44 | Construir | Farm |
| 11:12 | Construir | Farm |
| 11:16 | Investigar | Husbandry |
| 11:34 | Construir | Town Center |
| 11:42 | Construir | Farm |
| 11:46 | Crear | Villager (Male) |
| 11:46 | Crear | Villager (Male) |
| 11:55 | Construir | Farm |
| 12:03 | Investigar | Bow Saw |
| 12:07 | Investigar | Gold Shaft Mining |
| 12:12 | Crear | Villager (Male) |
| 12:12 | Crear | Villager (Male) |
| 12:20 | Construir | Farm |
| 12:27 | Crear | Villager (Male) |
| 12:28 | Crear | Villager (Male) |
| 12:48 | Crear | Villager (Male) |
| 12:49 | Crear | Villager (Male) |
| 12:54 | Construir | Mining Camp |
| 12:57 | Crear | Villager (Male) |
| 13:06 | Investigar | Stone Mining |
| 13:12 | Crear | Villager (Male) |
| 13:34 | Crear | Villager (Male) |
| 13:35 | Crear | Villager (Male) |
| 13:38 | Crear | Villager (Male) |
| 13:44 | Construir | Farm |
| 14:09 | Construir | Farm |
| 14:11 | Construir | Farm |
| 14:12 | Construir | Farm |
| 14:14 | Construir | Farm |
| 14:15 | Construir | Farm |
| 14:16 | Construir | Farm |
| 14:20 | Construir | Farm |
| 14:26 | Construir | Farm |
| 14:32 | Construir | Farm |
| 14:34 | Crear | Villager (Male) |
| 14:39 | Construir | Farm |
| 14:46 | Construir | Lumber Camp |
| 14:49 | Crear | Villager (Male) |
| 15:01 | Crear | Villager (Male) |
| 15:01 | Crear | Villager (Male) |
| 15:01 | Crear | Villager (Male) |
| 15:01 | Crear | Villager (Male) |
| 15:07 | Construir | Farm |
| 15:11 | Crear | Villager (Male) |
| 15:11 | Crear | Villager (Male) |
| 15:11 | Crear | Villager (Male) |
| 15:14 | Crear | Villager (Male) |
| 15:24 | Construir | Farm |
| 15:56 | Construir | Farm |
| 15:59 | Investigar | Iron Casting |
| 16:00 | Investigar | Chain Barding Armor |
| 16:14 | Construir | Town Center |
| 16:20 | Construir | Farm |
| 16:39 | Crear | Villager (Male) |
| 16:39 | Crear | Villager (Male) |
| 16:39 | Crear | Villager (Male) |
| 16:43 | Construir | Farm |
| 16:59 | Crear | Knight ×5 |
| 16:59 | Crear | Knight ×5 |
| 17:00 | Crear | Knight ×3 |
| 17:05 | Construir | Farm |
| 17:07 | Crear | Villager (Male) |
| 17:19 | Construir | Farm |
| 17:38 | Crear | Villager (Male) |
| 17:38 | Crear | Villager (Male) |
| 17:38 | Crear | Villager (Male) |
| 17:39 | Crear | Villager (Male) |
| 17:43 | Construir | Farm |
| 17:50 | Crear | Trade Cart ×5 |
| 17:50 | Crear | Trade Cart ×5 |
| 17:58 | Construir | Farm |
| 18:09 | Construir | Farm |
| 18:13 | Crear | Villager (Male) |
| 18:13 | Crear | Villager (Male) |
| 18:13 | Crear | Villager (Male) |
| 18:18 | Construir | Farm |
| 18:21 | Crear | Knight ×5 |
| 18:21 | Crear | Knight ×2 |
| 18:22 | Crear | Knight ×2 |
| 18:35 | Construir | Farm |
| 18:54 | Construir | Farm |
| 18:59 | Construir | Farm |
| 19:04 | Crear | Villager (Male) |
| 19:11 | Crear | Knight ×5 |
| 19:12 | Crear | Knight ×5 |
| 19:16 | Construir | Farm |
| 19:26 | Construir | Farm |
| 19:28 | Crear | Villager (Male) |
| 19:40 | Construir | Mining Camp |
| 19:42 | Investigar | Caravan |
| 19:50 | Construir | Farm |
| 19:55 | Construir | Farm |
| 19:59 | Construir | Farm |
Build order — BICHARNACO
Primeras 150 de 178 acciones detectadas
| 0:27 | Construir | House |
| 0:28 | Construir | House |
| 0:31 | Construir | House |
| 0:34 | Construir | House |
| 0:41 | Crear | Villager (Male) |
| 0:41 | Crear | Villager (Male) |
| 0:41 | Crear | Villager (Male) |
| 0:41 | Crear | Villager (Male) |
| 0:41 | Crear | Villager (Male) |
| 0:41 | Crear | Villager (Male) |
| 2:00 | Construir | Stable |
| 2:04 | Crear | Spearman |
| 2:04 | Crear | Spearman |
| 2:05 | Crear | Spearman |
| 2:05 | Crear | Spearman |
| 2:24 | Investigar | Double-Bit Axe |
| 3:04 | Investigar | Scale Barding Armor |
| 3:05 | Investigar | Scale Mail Armor |
| 3:20 | Construir | Farm |
| 3:21 | Construir | Farm |
| 3:35 | Crear | Villager (Male) |
| 3:35 | Crear | Villager (Male) |
| 4:52 | Investigar | Bloodlines |
| 4:53 | Crear | Scout Cavalry |
| 4:53 | Crear | Scout Cavalry |
| 5:06 | Construir | Farm |
| 5:08 | Construir | Farm |
| 5:09 | Construir | Farm |
| 5:10 | Construir | Farm |
| 5:12 | Construir | Farm |
| 5:49 | Construir | Farm |
| 5:53 | Construir | Farm |
| 6:10 | Construir | Farm |
| 6:36 | Construir | Lumber Camp |
| 6:53 | Crear | Villager (Male) |
| 6:54 | Crear | Villager (Male) |
| 7:03 | Construir | Farm |
| 7:04 | Construir | Farm |
| 7:05 | Construir | Farm |
| 7:27 | Construir | Mining Camp |
| 7:58 | Construir | Market |
| 8:13 | Investigar | Forging |
| 8:31 | Construir | Mining Camp |
| 8:35 | Crear | Scout Cavalry |
| 8:36 | Crear | Scout Cavalry |
| 8:52 | Investigar | Castle Age |
| 9:09 | Construir | Palisade Gate |
| 9:20 | Crear | Scout Cavalry |
| 9:20 | Crear | Scout Cavalry |
| 9:21 | Crear | Scout Cavalry |
| 9:45 | Construir | Stone Wall |
| 10:35 | Crear | Scout Cavalry |
| 10:35 | Crear | Scout Cavalry |
| 10:35 | Crear | Scout Cavalry |
| 10:50 | Construir | Mining Camp |
| 11:32 | Edad | Edad de los Castillos |
| 11:48 | Construir | Siege Workshop |
| 11:52 | Crear | Villager (Male) |
| 11:52 | Crear | Villager (Male) |
| 11:52 | Crear | Villager (Male) |
| 11:52 | Crear | Villager (Male) |
| 12:01 | Construir | Town Center |
| 12:58 | Crear | Scorpion |
| 12:59 | Crear | Scorpion |
| 12:59 | Crear | Scorpion |
| 12:59 | Crear | Scorpion |
| 13:37 | Crear | Scorpion |
| 13:37 | Crear | Scorpion |
| 13:42 | Crear | Villager (Male) |
| 13:42 | Crear | Villager (Male) |
| 13:42 | Crear | Villager (Male) |
| 15:11 | Construir | Town Center |
| 15:26 | Investigar | Light Cavalry (upgrade) |
| 15:50 | Crear | Villager (Male) |
| 15:50 | Crear | Villager (Male) |
| 15:50 | Crear | Villager (Male) |
| 15:50 | Crear | Villager (Male) |
| 15:50 | Crear | Villager (Male) |
| 15:50 | Crear | Villager (Male) |
| 16:01 | Crear | Villager (Male) |
| 16:01 | Crear | Villager (Male) |
| 16:01 | Crear | Villager (Male) |
| 16:01 | Crear | Villager (Male) |
| 16:01 | Crear | Villager (Male) |
| 16:01 | Crear | Villager (Male) |
| 16:30 | Construir | Mining Camp |
| 17:04 | Crear | Villager (Male) |
| 17:04 | Crear | Villager (Male) |
| 17:04 | Crear | Villager (Male) |
| 17:22 | Crear | Villager (Male) |
| 17:22 | Crear | Villager (Male) |
| 17:22 | Crear | Villager (Male) |
| 17:22 | Crear | Villager (Male) |
| 17:22 | Crear | Villager (Male) |
| 17:22 | Crear | Villager (Male) |
| 18:27 | Crear | Villager (Male) |
| 18:27 | Crear | Villager (Male) |
| 18:27 | Crear | Villager (Male) |
| 18:37 | Construir | University |
| 18:55 | Crear | Scout Cavalry |
| 18:55 | Crear | Scout Cavalry |
| 18:56 | Crear | Scout Cavalry |
| 19:49 | Construir | Castle |
| 20:03 | Crear | Villager (Male) |
| 20:03 | Crear | Villager (Male) |
| 20:04 | Crear | Villager (Male) |
| 20:04 | Crear | Villager (Male) |
| 20:04 | Crear | Villager (Male) |
| 20:04 | Crear | Villager (Male) |
| 20:36 | Construir | Town Center |
| 21:05 | Construir | Mining Camp |
| 21:23 | Crear | Conquistador |
| 21:23 | Crear | Conquistador |
| 21:33 | Construir | Archery Range |
| 22:25 | Construir | Farm |
| 22:26 | Construir | Farm |
| 22:27 | Construir | Farm |
| 22:29 | Construir | Farm |
| 22:32 | Construir | Farm |
| 22:54 | Construir | Farm |
| 22:55 | Construir | Farm |
| 22:57 | Construir | Farm |
| 23:24 | Investigar | Elite Skirmisher (upgrade) |
| 23:25 | Crear | Skirmisher |
| 23:25 | Crear | Skirmisher |
| 23:25 | Crear | Skirmisher |
| 23:26 | Crear | Skirmisher |
| 23:26 | Crear | Skirmisher |
| 23:26 | Crear | Skirmisher |
| 24:10 | Construir | Mill |
| 24:22 | Construir | Mill |
| 24:54 | Crear | Villager (Male) |
| 24:54 | Crear | Villager (Male) |
| 24:54 | Crear | Villager (Male) |
| 24:54 | Crear | Villager (Male) |
| 24:54 | Crear | Villager (Male) |
| 24:54 | Crear | Villager (Male) |
| 25:13 | Construir | Farm |
| 25:14 | Construir | Farm |
| 25:15 | Construir | Farm |
| 25:33 | Construir | House |
| 25:34 | Construir | House |
| 25:35 | Construir | House |
| 25:36 | Construir | House |
| 25:47 | Construir | Farm |
| 25:49 | Construir | Farm |
| 25:50 | Construir | Farm |
| 25:54 | Construir | Farm |
| 25:55 | Construir | Farm |
| 26:02 | Crear | Villager (Male) |
Cronología de la partida
| 0:55 | jonasbmas · first_building Archery Range |
| 0:57 | ECŞ · first_building Stable |
| 1:06 | Chrisavc6256 · first_building Archery Range |
| 2:00 | BICHARNACO · first_building Stable |
| 3:06 | nodier.system · first_building Barracks |
| 3:15 | jonasbmas · first_building Barracks |
| 4:16 | nodier.system · first_building Archery Range |
| 4:51 | jonasbmas · wall_segment Stone Wall x6 |
| 5:03 | corio27 · first_building Stable |
| 5:26 | nodier.system · first_building Stable |
| 6:12 | Chrisavc6256 · first_building Stable |
| 6:19 | nodier.system · first_market_buy 100 wood |
| 6:28 | corio27 · first_building Archery Range |
| 7:34 | Chrisavc6256 · age_up castle |
| 7:53 | corio27 · first_building Barracks |
| 8:55 | ECŞ · age_up castle |
| 9:45 | BICHARNACO · wall_segment Stone Wall x7 |
| 10:48 | Chrisavc6256 · first_building Siege Workshop |
| 11:16 | jonasbmas · age_up castle |
| 11:32 | BICHARNACO · age_up castle |
| 11:48 | BICHARNACO · first_building Siege Workshop |
| 12:19 | corio27 · age_up castle |
| 12:34 | corio27 · first_building Castle |
| 12:43 | corio27 · first_building Monastery |
| 12:53 | nodier.system · first_market_sell 100 wood |
| 14:23 | nodier.system · age_up castle |
| 14:39 | jonasbmas · first_building Siege Workshop |
| 14:59 | Chrisavc6256 · first_building Castle |
| 17:37 | Chrisavc6256 · first_building Barracks |
| 18:14 | nodier.system · first_building Castle |
| 19:28 | Chrisavc6256 · wall_segment Stone Wall x4 |
| 19:29 | jonasbmas · first_building Castle |
| 19:49 | BICHARNACO · first_building Castle |
| 21:33 | BICHARNACO · first_building Archery Range |
| 22:17 | Chrisavc6256 · first_building Monastery |
| 24:10 | ECŞ · first_building Monastery |
| 24:59 | ECŞ · first_building Castle |
| 26:35 | jonasbmas · age_up imperial |
| 29:19 | ECŞ · age_up imperial |
| 29:43 | nodier.system · resign |
[ ANÁLISIS IA · 1 CRÉDITO ]
¿Qué pasó realmente en esta partida?
Wolo.gg analiza cada decisión: build order, eco, micro, errores típicos por bracket. Análisis personalizado por WhatsApp o Discord en 30 segundos.
Guía civ
Teutones
Perfil
Jugador #2967972